AoeStats
← Harvey Birdman

Pilgrims

510066797Analyzed
2v2 RM · 4d ago on Sep 29, 2026· 39m 36s· 4 players
Game mode
Random Map
Map size
Medium (4 player)
Population
200
Speed
Normal
Resources
Standard
Victory
Conquest
Starting age
Dark Age
Ending age
Imperial Age
RankedLock teamsTeams togetherTeam positionsShared explorationLock speedFull tech treeHidden civsTurbo modeCheats
Victory
Defeat
🇫🇷 Italians · France
1139
+14
🇫🇷 Magyars · France
1137
+14
🇦🇺 Spanish · Australia
1127
-16
🇦🇺 Huns · Australia
1057
-12
Harvey Birdman
11:34 Feudal Age
11:37 Loom
16:52 Castle Age
14:57 Double-Bit Axe
16:14 Scale Barding Armor
18:49 Forging
19:27 Bloodlines
20:17 Chain Barding Armor
19:55 Horse Collar
22:39 Iron Casting
31:10 Gold Mining
34:19 Wheelbarrow
39:22 Imperial Age
Scythian Wild Woman
3:15 Loom
10:13 Feudal Age
10:52 Double-Bit Axe
16:41 Castle Age
17:42 Medium Warships
17:24 Fletching
18:52 Bodkin Arrow
23:33 Fishing Lines
28:07 Town Watch
28:50 Padded Archer Armor
31:04 Leather Archer Armor
30:51 Husbandry
31:01 Bloodlines
32:40 Wheelbarrow
31:51 Town Watch
34:02 Horse Collar
37:03 Hand Cart
42:01 Imperial Age
tuds
11:51 Loom
14:17 Feudal Age
18:23 Castle Age
17:14 Double-Bit Axe
17:47 Bloodlines
17:47 Scale Barding Armor
21:12 Husbandry
29:47 Chain Barding Armor
32:36 Horse Collar
33:10 Bow Saw
38:53 Imperial Age
johnny
11:50 Feudal Age
10:05 Loom
16:02 Castle Age
13:55 Fletching
14:06 Padded Archer Armor
16:57 Crossbowman
19:05 Forging
18:55 Scale Mail Armor
19:47 Pikeman
20:30 Squires
22:45 Double-Bit Axe
25:32 Ballistics
26:06 Elite Skirmisher
36:51 Imperial Age
34:07 Town Watch
35:59 Thumb Ring
37:42 Bodkin Arrow
38:02 Leather Archer Armor
Connection lost

Rejoining the realm…

Still unreachable

The connection could not be restored.

Session expired

The server has moved on; the page needs a fresh start.